 Dungeon Crawl Stone Soup version 0.30-a0-166-g5d06c95188 (webtiles) character file.

Game seed: 5059816066974364663

42 qw the Chopper (level 3, -4/23 HPs)
             Began as a Gargoyle Fighter on Sept 29, 2022.
             Shot with a bolt by a goblin (6 damage)
             ... on level 2 of the Dungeon.
             The game lasted 00:00:38 (1828 turns).

qw the Chopper (Gargoyle Fighter)                   Turns: 1828, Time: 00:00:39

Health: -4/23      AC: 10    Str: 21    XL:     3   Next: 56%
Magic:  3/3        EV:  9    Int:  8    God:
Gold:   98         SH:  4    Dex:  9    Spells: 2/2 levels left

rFire   . . .      SeeInvis .    Y - +0 war axe
rCold   . . .      Faith    .    c - +0 buckler
rNeg    + . .      Spirit   .    b - +0 scale mail
rPois   inf        Reflect  .    (no helmet)
rElec   +          Harm     .    (no cloak)
rCorr   .          Rampage  .    (no gloves)
Will    .....                    (no boots)
Stlth   ..........               (no amulet)
HPRegen 0.07/turn                (no ring)
MPRegen 0.08/turn                (no ring)

@: no status effects
A: sickness immunity, AC +3, negative energy resistance 1, electricity
resistance, torment resistance 1, petrification resistance
a: no special abilities


You were on level 2 of the Dungeon.
You visited 1 branch of the dungeon, and saw 2 of its levels.

You collected 98 gold pieces.


Innate Abilities, Weirdness & Mutations

You are immune to sickness and miasma.
Your stone body is resilient. (AC +3)
You are immune to poison.
You resist negative energy. (rN+)
You are resistant to electric shocks. (rElec)
You are resistant to unholy torment.
You are immune to petrification.


   Skills:
 - Level 3.2 Fighting
 + Level 3.5 Axes
 - Level 3.2 Armour
 - Level 3.2 Shields


You had 2 spell levels left.
You didn't know any spells.
Your spell library was empty.

Inventory:

Hand Weapons
 f - a +1 whip of venom
 Y - a +0 war axe (weapon)
Armour
 b - a +0 scale mail (worn)
 c - a +0 buckler (worn)
Scrolls
 h - 2 scrolls of brand weapon {unknown}
 i - a scroll of amnesia {unknown}
Potions
 a - a potion of curing {unknown}
 d - a potion of might
 e - a potion of haste {unknown}
 g - a potion of heal wounds {unknown}
 j - a potion of resistance {unknown}

Dungeon Overview and Level Annotations

Branches:
Dungeon (2/15)

Altars:


Message History

You hit the bat.
You kill the bat!
j - a viscous red potion
Found a club.
Found a stone staircase leading up.
Enter note:
Enter note:
h - 2 scrolls labelled NAOMEI LIPHAOR (gained 1)
You now have 98 gold pieces (gained 14).
An adder comes into view.
The adder hisses angrily.
Enter note:
Enter note: You closely miss the adder.
The adder closely misses you. The adder misses you.
You hit the adder but do no damage. The adder barely misses you.
You block the adder's attack.
You closely miss the adder. The adder bites you.
You barely miss the adder. The adder closely misses you.
The adder barely misses you.
You barely miss the adder.
A goblin comes into view. It is wielding a +0 hand crossbow.
You block the adder's attack. The adder barely misses you.
You closely miss the adder. The adder bites you but does no damage.
The goblin shoots a bolt.
The bolt closely misses you.
You closely miss the adder. You block the adder's attack.
The goblin shoots a bolt.
The bolt hits you! The adder bites you but does no damage.
You barely miss the adder. The adder barely misses you.
The adder closely misses you.
The goblin shoots a bolt.
The bolt hits you.
You miss the adder. The adder bites you.
The goblin shoots a bolt.
The bolt barely misses you. The adder barely misses you.
You hit the adder.
The adder is moderately wounded.
The goblin shoots a bolt.
The bolt hits you.
You die...

######....# #.##.# #.#
#.....# #....# #.# ##.....#
#.##.## #.# #
#......#####.#...###.###.#
#...#...g.......#.##...#.#
#......##.##.##<##.#.....#
####.#.#####..............#
..##.#.########.##.##.##.####
...........#
##@#..........#####
.....#.....#
##S.............).
#.########.#
#..#####....##### #.# #.##
#....# #.# #.# #.%..##### #.#
#.# #......... #.# ..
#......##. #.# ## ###..#.#
#.# #..#.#


You could see an adder and a goblin.

Vanquished Creatures
  5 ball pythons
  6 bats
  4 endoplasms
  5 goblins
  2 hobgoblins
  3 jackals (D:1)
  3 quokkas
  2 frilled lizards (D:1)
  6 kobolds
  3 rats (D:1)
39 creatures vanquished.

Notes
Turn   | Place    | Note
-------+----------+-------------------------------------------
     0 | D:1      | qw the Gargoyle Fighter began the quest for the Orb.
     0 | D:1      | Reached XP level 1. HP: 14/14 MP: 1/1
     0 | D:1      | 0 ||| qw: Version: 0.2-a-12-gaebbb33
     0 | D:1      | 0 ||| qw: Game counter: 1022
     0 | D:1      | 0 ||| qw: Always use a shield: true
     0 | D:1      | 0 ||| qw: God list: Okawaru
     0 | D:1      | 0 ||| qw: Allow faded altars: false
     0 | D:1      | 0 ||| qw: Do Orc after D:15 true
     0 | D:1      | 0 ||| qw: Do second Lair branch before Depths: true
     0 | D:1      | 0 ||| qw: Lair rune preference: random
     0 | D:1      | 0 ||| qw: Plans: Normal, Zot:1-4, God:TSO, Crypt, Tomb,
                  | Pan, Slime:5, Hells, Abyss, Orb
     0 | D:1      | 0 ||| PLANNING D:1-11
     9 | D:1      | Noticed a centaur
   104 | D:1      | Reached XP level 2. HP: 19/19 MP: 2/2
   225 | D:1      | Found a faded altar of an unknown god.
   263 | D:1      | 263 ||| Stepping ~*~*~tactically~*~*~ (stealth).
   267 | D:1      | 267 ||| Stepping ~*~*~tactically~*~*~ (stealth).
   269 | D:1      | 269 ||| Stepping ~*~*~tactically~*~*~ (stealth).
   546 | D:1      | Reached skill level 3 in Axes
   702 | D:1      | 702 ||| Stepping ~*~*~tactically~*~*~ (stealth).
   717 | D:1      | 717 ||| Stepping ~*~*~tactically~*~*~ (stealth).
   728 | D:1      | Reached XP level 3. HP: 22/23 MP: 3/3
   954 | D:1      | 954 ||| READING 4 scrolls labelled ROAV PAHOVVU.
   955 | D:1      | 955 ||| READING scroll labelled UCAMEI OKLORAS.
   956 | D:1      | 956 ||| READING scroll labelled RISUOT GUELILL.
   957 | D:1      | 957 ||| DROPPING 3 scrolls of noise.
   972 | D:2      | 972 ||| STAIRDANCE
  1008 | D:2      | 1008 ||| STAIRDANCE
  1014 | D:2      | 1014 ||| STAIRDANCE
  1826 | D:2      | HP: 4/23 [goblin/bolt (6)]
  1828 | D:2      | Shot with a bolt by a goblin

Levels and vault maps discovered:
D:1:      evilmike_arrival_come_back, layout_basic,
          dreamdust_ecumenical_altar_statues
D:2:      layout_loops_ring

Skill      XL: |  1  2 |
---------------+-------+-----
Axes           | 2 3 |  3.5
Fighting       | |  3.2
Armour         | |  3.2
Shields        | |  3.2

Action                   || total
-------------------------++-------
Melee: War axe           ||   131
  Use: Scroll            ||     3
Armor: Scale mail        ||    84
Dodge: Dodged            ||    78
Block: Buckler           ||    23

Table legend:
 A = Non-vault XP
 B = Vault XP
 C = Vault XP percentage of total XP
 D = Non-vault monster count
 E = Vault monster count
 F = Vault count percentage of total count
                 A         B        C        D         E       F
            +---------+---------+-------+---------+---------+-------
      Total |      61 |       0 |   0.0 |      39 |       0 |   0.0
            +---------+---------+-------+---------+---------+-------
        D:1 |      44 |       0 |   0.0 |      28 |       0 |   0.0
        D:2 |      17 |       0 |   0.0 |      11 |       0 |   0.0
            +---------+---------+-------+---------+---------+-------
